 Dungeon Crawl Stone Soup version 0.28.0-49-g6dfe1f597d (webtiles) character file.

Game seed: 1198002203836796717

77 bnorton916 the Magician (level 4, 0/24 HPs)
             Began as a Deep Elf Fire Elementalist on May 16, 2022.
             Slain by a black bear (6 damage)
             ... on level 3 of the Dungeon.
             The game lasted 00:04:48 (2306 turns).

bnorton916 the Magician (DEFE)                      Turns: 2306, Time: 00:04:48

Health: 0/24       AC:  6    Str:  5    XL:     4   Next: 14%
Magic:  5/12       EV: 12    Int: 22    God:
Gold:   129        SH:  0    Dex: 15    Spells: 5/11 levels left

rFire   . . .      SeeInvis .   (no weapon)
rCold   . . .      Faith    .   (no shield)
rNeg    + . .      Spirit   .   a - +0 robe
rPois   .          Reflect  .   (no helmet)
rElec   .          Harm     .   b - +1 cloak
rCorr   .          Rampage  .   (no gloves)
Will    +++..      Clarity  +   g - +1 pair of boots
Stlth   ++........              e - amulet of the Four Winds {rN+ Will+++ Clar}
HPRegen 0.08/turn               (no ring)
MPRegen 0.13/turn               (no ring)

@: no status effects
A: no striking features
a: no special abilities


You were on level 3 of the Dungeon.
You visited 1 branch of the dungeon, and saw 3 of its levels.

You collected 129 gold pieces.

Inventory:

Armour
 a - a +0 robe (worn)
 b - a +1 cloak (worn)
 g - a +1 pair of boots (worn)
Magical Staves
 j - a staff of death
Jewellery
 e - the amulet of the Four Winds (around neck) {rN+ Will+++ Clar}
   (You found it on level 2 of the Dungeon)

   [amulet of nothing]

   rN:        It protects you from negative energy.
   Clar:      It protects you against confusion.
   Will:      It greatly increases your willpower.
 n - a +4 ring of evasion
Scrolls
 c - a scroll of identify {unknown}
 d - 3 scrolls of blinking {unknown}
 f - a scroll of noise {unknown}
 i - a scroll of fog {unknown}
 l - a scroll of vulnerability {unknown}
 o - a scroll of immolation {unknown}
Potions
 h - a potion of flight {unknown}
 k - a potion of curing {unknown}
 m - a potion of cancellation {unknown}


   Skills:
 - Level 2.4 Dodging
 - Level 2.4 Stealth
 + Level 4.2 Spellcasting
 + Level 2.6 Conjurations
 + Level 4.1 Fire Magic


You had 5 spell levels left.
You knew the following spells:

 Your Spells              Type           Power      Damage    Failure   Level
a - Foxfire               Conj/Fire      76%        2x1d7     2%          1
b - Scorch                Fire           46%        2d7       3%          2
c - Conjure Flame         Conj/Fire      19%        6-21      9%          3

Your spell library contained the following spells:

 Spells                   Type           Power      Damage    Failure   Level
 Inner Flame              Hex/Fire       13%        N/A       14%         3
 Flame Wave               Conj/Fire      19%        2d6       26%         4
 Call Canine Familiar     Summ           4%         N/A       32%         3
 Portal Projectile        Hex/Tloc       8%         N/A       32%         3
 Leda's Liquefaction      Hex/Erth       2%         N/A       73%         4
 Conjure Ball Lightning   Conj/Air       5%         3x3d6     100%        6
 Discord                  Hex            2%         N/A       100%        8
 Disjunction              Tloc           2%         N/A       100%        8


Dungeon Overview and Level Annotations

Branches:
Dungeon (3/15)

Altars:
Xom


Message History

The jackal closely misses you. The jackal closely misses you.
The jackal barely misses you. The jackal closely misses you.
The jackal completely misses you.
Casting: Foxfire (safe; 2% risk of failure)
Confirm with . or Enter, or press ? or * to list all spells.
Flames lash the black bear.
The black bear is lightly wounded.
The black bear's fire resistance burns away.
The jackal bites you but does no damage.
The jackal barely misses you. The jackal closely misses you.
Casting: Scorch (safe; 3% risk of failure)
Confirm with . or Enter, or press ? or * to list all spells.
Flames lash the jackal.
You kill the jackal!
The black bear is no longer more vulnerable to fire.
The black bear barely misses you. The black bear claws you.
The black bear claws you but does no damage.
Unknown command.
The black bear closely misses you. The black bear claws you. x2
Casting: Scorch (safe; 3% risk of failure)
Confirm with . or Enter, or press ? or * to list all spells.
Flames lash the black bear but do no damage.
The black bear bites you.
The black bear claws you but does no damage.
The black bear misses you. The black bear misses you.
The black bear barely misses you.
The black bear claws you but does no damage.
Unknown command.
Casting: Scorch (safe; 3% risk of failure)
Confirm with . or Enter, or press ? or * to list all spells.
Flames lash the black bear.
The black bear is moderately wounded.
The black bear's fire resistance burns away.
The black bear bites you. The black bear claws you.
* * * LOW HITPOINT WARNING * * *
The black bear claws you.
* * * LOW HITPOINT WARNING * * *
The black bear bites you.
You die...

##.#.## #.......##...#
##<## ######..#..### #.#
#....##.. #.# #....#..
#.# #...##.# ##.##
#.#.#..# ##...##
#...#..#
#.....##########.#....#
#....<.@h.†...........#
#.....##########.#....#.
##...## #.#...... #####
#.##..#.. #.....###
###.....# ##..... ######
#


You could see a black bear (combustible).

Vanquished Creatures
  2 adders
  A dart slug (D:1)
  4 bats
  6 endoplasms
  4 giant cockroaches
  5 goblins
  6 hobgoblins
  4 jackals
  6 kobolds
  A quokka (D:3)
  3 ball pythons
  4 frilled lizards
  3 rats
49 creatures vanquished.

Vanquished Creatures (others)
  111 foxfires
111 creatures vanquished.

Grand Total: 160 creatures vanquished

Notes
Turn   | Place    | Note
-------+----------+-------------------------------------------
     0 | D:1      | bnorton916 the Deep Elf Fire Elementalist began the quest
                  | for the Orb.
     0 | D:1      | Reached XP level 1. HP: 10/10 MP: 6/6
   214 | D:1      | Reached XP level 2. HP: 15/15 MP: 4/8
   609 | D:1      | Found a faded altar of an unknown god.
  1000 | D:2      | Found the amulet of the Four Winds {rN+ Will+++ Clar}
  1027 | D:2      | Found a shimmering altar of Xom.
  1050 | D:2      | Reached XP level 3. HP: 17/19 MP: 7/10
  1609 | D:2      | Learned a level 2 spell: Scorch
  1613 | D:2      | Learned a level 3 spell: Conjure Flame
  1768 | D:3      | Reached XP level 4. HP: 24/24 MP: 9/12
  2278 | D:3      | Noticed a black bear
  2306 | D:3      | Slain by a black bear

Illustrated notes

Levels and vault maps discovered:
D:1:      zaba_arrival_water, layout_loops_ring,
          shapermc_ecumenical_altar_acropolis
D:2:      layout_basic, basic_altar, minmay_tripent
D:3:      layout_loops_ring, minmay_randomly_rotated_circles

Skill      XL: |  1  2  3 |
---------------+----------+-----
Conjurations   | 2 |  2.6
Spellcasting   | 4 |  4.2
Fire Magic     | 4 |  4.1
Dodging        | |  2.4
Stealth        | |  2.4

Action                   |  1- 3 |  4- 6 || total
-------------------------+-------+-------++-------
 Cast: Foxfire           |    63 |    12 ||    75
       Scorch            |     1 |     4 ||     5
Armor: Robe              |     5 |     4 ||     9
Dodge: Dodged            |    11 |    12 ||    23
